AoeStats
← Rey David

Scandinavia

510413669Analyzed
1v1 RM · 11h ago on Sep 30, 2026· 36m 13s· 2 players
Game mode
Random Map
Map size
Tiny (2 player)
Population
200
Speed
Normal
Resources
Standard
Victory
Conquest
Starting age
Dark Age
Ending age
Imperial Age
RankedLock teamsTeams togetherTeam positionsShared explorationLock speedFull tech treeHidden civsTurbo modeCheats
Victory
Defeat
🇪🇨 Teutons · Ecuador
964
+13
🇵🇱 Bohemians · Poland
903
-13
Rey David
4:20 Loom
10:20 Feudal Age
18:16 Castle Age
17:45 Bloodlines
17:34 Man-at-Arms
18:34 Long Swordsman
20:16 Forging
23:08 Iron Casting
25:27 Scale Mail Armor
27:41 Scale Barding Armor
27:52 Chain Mail Armor
27:41 Gambesons
32:03 Wheelbarrow
34:24 Arson
myszcz
12:29 Feudal Age
10:48 Loom
13:27 Double-Bit Axe
13:24 Horse Collar
14:30 Wheelbarrow
14:55 Arson
16:27 Scale Mail Armor
16:37 Forging
27:22 Castle Age
27:21 Fletching
29:34 Squires
35:51 Crossbowman
Connection lost

Rejoining the realm…

Still unreachable

The connection could not be restored.

Session expired

The server has moved on; the page needs a fresh start.